 Dungeon Crawl Stone Soup version 0.28.0-53-g5a82cb258f (webtiles) character file.

Game seed: 4165745210748900312

2772 MiltankisOP the Thaumaturge (level 9, -7/36 HPs)
             Began as a Felid Earth Elementalist on July 12, 2022.
             Was a Believer of Vehumet.
             Killed from afar by a fire dragon (43 damage)
             ... with a blast of flame
             ... on level 10 of the Dungeon.
             The game lasted 00:33:54 (13365 turns).

MiltankisOP the Thaumaturge (FeEE)                 Turns: 13365, Time: 00:33:55

Health: -7/36      AC:  2    Str:  4    XL:     9   Next: 42%
Magic:  21/24      EV: 19    Int: 21    God:    Vehumet [**....]
Gold:   602        SH:  0    Dex: 17    Spells: 20/29 levels left
                                        Lives:  0   Deaths: 2

rFire   . . .      SeeInvis +     - Unarmed
rCold   . . .      Faith    .   (shield unavailable)
rNeg    . . .      Spirit   .   (armour unavailable)
rPois   .          Reflect  .   (helmet unavailable)
rElec   .          Harm     .   (cloak unavailable)
rCorr   +          Rampage  .   (gloves unavailable)
Will    +....                   (boots unavailable)
Stlth   ++........              (no amulet)
HPRegen 0.12/turn               e - ring of wizardry
MPRegen 0.19/turn               r - ring of Spite {rCorr SInv}

@: quick
A: very small, claws 1, fangs 3, see invisible, speed 1, shaggy fur 2, stealthy
paws, no weapons or thrown items, no armour, multi-lived
a: Renounce Religion


You were on level 10 of the Dungeon.
You worshipped Vehumet.
Vehumet was pleased with you.
You visited 2 branches of the dungeon, and saw 11 of its levels.
You also visited: Ossuary.

You collected 602 gold pieces.

Inventory:

Missiles
 b - 66 stones
Jewellery
 a - a +6 ring of intelligence
 e - a ring of wizardry (left paw)
 r - the ring of Spite (right paw) {rCorr SInv}
   (You found it on level 5 of the Dungeon)

   [ring of see invisible]

   SInv:      It lets you see invisible.
   rCorr:     It protects you from acid and corrosion.
 F - a ring of fire
Wands
 i - a wand of mindburst (3)
 l - a wand of acid (6)
 E - a wand of iceblast (4)
Scrolls
 c - 11 scrolls of teleportation {unknown}
 d - a scroll of holy word {unknown}
 g - 2 scrolls of immolation {unknown}
 m - 3 scrolls of fear {unknown}
 n - a scroll of silence {unknown}
 p - a scroll of acquirement {unknown}
 q - a scroll of vulnerability {unknown}
 s - 3 scrolls of identify
 t - a scroll of magic mapping {unknown}
 w - a scroll of fog {unknown}
 x - a scroll of blinking {unknown}
 y - 2 scrolls of enchant weapon {unknown}
Potions
 f - a potion of ambrosia
 h - a potion of invisibility
 j - a potion of mutation
 k - 2 potions of degeneration
 o - 2 potions of brilliance
 u - 4 potions of curing
 v - a potion of might
 z - a potion of haste
 A - a potion of magic
 B - 2 potions of cancellation
 C - 2 potions of lignification
 D - a potion of flight {unknown}


   Skills:
 - Level 2.2 Fighting
 + Level 5.2 Dodging
 - Level 3.0 Stealth
 - Level 2.2 Unarmed Combat
 - Level 10.8 Spellcasting
 - Level 5.0 Conjurations
 - Level 8.2 Transmutations
 + Level 6.3 Earth Magic


You had 20 spell levels left.
You knew the following spells:

 Your Spells              Type           Power      Damage    Failure   Level
a - Sandblast             Erth           74%        2d16      1%          1
b - Stone Arrow           Conj/Erth      70%        3d11      1%          3
c - Blade Hands           Tmut           22%        N/A       2%          5

Your spell library contained the following spells:

 Spells                   Type           Power      Damage    Failure   Level
 Poisonous Vapours        Pois/Air       22%        N/A       3%          2
 Sting                    Tmut/Pois      100%       1d8       1%          1
 Passwall                 Tmut/Erth      34%        N/A       1%          2
 Spider Form              Tmut/Pois      28%        N/A       1%          3
 Petrify                  Tmut/Erth      41%        N/A       1%          4
 Summon Small Mammal      Summ           44%        N/A       2%          1
 Ensorcelled Hibernation  Hex/Ice        22%        N/A       3%          2
 Scorch                   Fire           22%        2d6       3%          2
 Ice Form                 Ice/Tmut       28%        N/A       4%          4
 Call Canine Familiar     Summ           11%        N/A       8%          3
 Summon Guardian Golem    Hex/Summ       11%        N/A       8%          3
 Tukima's Dance           Hex            11%        N/A       8%          3
 Flame Wave               Conj/Fire      21%        2d7       9%          4
 Hailstorm                Conj/Ice       21%        3d6       9%          4
 Statue Form              Tmut/Erth      27%        N/A       19%         6
 Anguish                  Hex/Necr       5%         N/A       24%         4
 Iron Shot                Conj/Erth      17%        9d4       32%         6
 Metabolic Englaciation   Hex/Ice        5%         N/A       52%         5
 Simulacrum               Ice/Necr       5%         N/A       97%         6
 Summon Cactus Giant      Summ           5%         N/A       97%         6
 Enfeeble                 Hex            5%         N/A       100%        7
 Animate Armour           Summ/Erth      Unusable   N/A       N/A         4

Dungeon Overview and Level Annotations

Branches:
Dungeon (10/15)            Temple (1/1) D:5         Ossuary (visited)
   Lair: D:8-11         Orc: D:9-12

Altars:
Ashenzari
Cheibriados
Dithmenos
Elyvilon
Fedhas
Hepliaklqana
Kikubaaqudgha
Makhleb
Nemelex Xobeh
Okawaru
Qazlal
Ru
Sif Muna
Trog
Uskayaw
Vehumet
Wu Jian
Xom
Yredelemnul
Zin
The Shining One

Shops:
D:6 :   D:8 *

Annotations:
D:7 1 runed translucent door, DemonSlayer's ghost, novice DsFE


Innate Abilities, Weirdness & Mutations

You have sharp claws.
You have razor-sharp teeth.
You have supernaturally acute eyesight. (SInv)
You cover ground quickly. (Speed+)
You are covered in thick fur. (AC +2)
Your paws help you pounce on unaware monsters.
You are incapable of wielding weapons or throwing items.
You cannot wear armour.
You gain extra lives every three experience levels.


Message History

The centaur warrior zombie closely misses you.
The centaur warrior zombie kicks you.
Casting: Stone Arrow (safe; 1% risk of failure)
Confirm with . or Enter, or press ? or * to list all spells.
Aiming: Stone Arrow (safe; 1% risk of failure)
Press: ? - help, Shift-Dir - straight line, f/p - centaur warrior zombie
Aim: a centaur warrior zombie (almost destroyed, 98% to hit)
The stone arrow hits the centaur warrior zombie!
You destroy the centaur warrior zombie!
Vehumet accepts your kill.
You feel your power returning.
Your Dodging skill increases to level 5!
Found 24 sling bullets.
You see here 24 sling bullets.
Found 4 atropa-tipped darts.
Found an escape hatch in the floor.
Found a ring mail.
You pick up a book of Sloth and begin reading...
You add the spell Metabolic Englaciation to your library.
You see here a scroll labelled GYRHOENECK.
A fire dragon is nearby!
Casting: Stone Arrow (safe; 1% risk of failure)
Confirm with . or Enter, or press ? or * to list all spells.
Aiming: Stone Arrow (safe; 1% risk of failure)
Press: ? - help, Shift-Dir - straight line, f - fire dragon
Aim: a fire dragon (wandering, hasn't noticed you, 81% to hit)
Okay, then.
Okay, then.
Okay, then.
Casting: Stone Arrow (safe; 1% risk of failure)
Confirm with . or Enter, or press ? or * to list all spells.
Aiming: Stone Arrow (safe; 1% risk of failure)
Press: ? - help, Shift-Dir - straight line, f - fire dragon
Aim: a fire dragon (wandering, hasn't noticed you, 81% to hit)
The stone arrow hits the fire dragon!!
The fire dragon is moderately wounded.
The fire dragon breathes flames at you. The blast of flame hits you!!!
Ouch! That really hurt!
You die...

...## .......####....#
##..####.....[.........#
###..#................# #
#.......########....## ##
##.....## #..(..#
.###.....## ##..##.##
..........########..####.##
#..............D.?..#
##.###
..........D....#@.### ##..#
...######..## #### ##.#
..## ### #.# #.# #(# #..
#### #.# ##.# #...# #.# .#
.... #.## .## #..## ##.#
#.# .# #..## #.#


You could see a fire dragon (catching breath).

Vanquished Creatures
  A two-headed ogre (D:10)
  An ugly thing (D:10)
  3 trolls
  Grinder (D:3)
  Sigmund (D:4)
  A wraith (D:10)
  5 yaks
  A steam dragon (D:9)
  An acid dragon (D:10)
  2 sky beasts
  3 water moccasins
  2 ice beasts
  3 orc warriors
  2 necrophages (D:8)
  An ogre (D:7)
  4 centaurs
  2 phantoms
  4 elf zombies (Ossuary)
  A kobold brigand (D:9)
  3 bullfrogs
  2 scorpions
  12 wights
  A howler monkey (D:5)
  7 centaur zombies
  2 hounds
  4 human zombies (Ossuary)
  3 jellies
  A bullfrog skeleton (D:7)
  2 orc priests
  2 iguanas
  6 orc wizards
  A hound zombie (D:5)
  3 mummies (Ossuary)
  A howler monkey zombie (D:9)
  Robin (D:3)
  4 adders
  4 gnolls (D:6)
  2 shadow imps
  2 white imps
  An ufetubus (D:5)
  An adder skeleton (D:4)
  A dart slug (D:1)
  26 orcs
  6 bats
  7 endoplasms
  4 giant cockroaches
  11 goblins
  15 hobgoblins
  4 jackals (D:2)
  3 quokkas
  6 ball pythons
  5 frilled lizards
  13 kobolds
  3 rats
208 creatures vanquished.

Notes
Turn   | Place    | Note
-------+----------+-------------------------------------------
     0 | D:1      | MiltankisOP the Felid Earth Elementalist began the quest
                  | for the Orb.
     0 | D:1      | Reached XP level 1. HP: 7/7 MP: 4/4
   107 | D:1      | Found a faded altar of an unknown god.
   214 | D:1      | Reached XP level 2. HP: 6/11 MP: 4/6
  1105 | D:2      | Reached XP level 3. HP: 4/14 MP: 0/7
  2018 | D:2      | Learned a level 3 spell: Stone Arrow
  2295 | D:3      | Noticed Grinder
  2377 | D:3      | Noticed Robin
  2415 | D:3      | Reached skill level 1 in Conjurations
  2425 | D:3      | Killed Robin
  2426 | D:3      | Reached XP level 4. HP: 13/18 MP: 0/9
  2553 | D:3      | You fall into a shaft and drop 3 floors!
  2556 | D:6      | Found Beephas's Book Boutique.
  2564 | D:6      | Noticed a water moccasin
  2607 | D:6      | Noticed a phantom
  2636 | D:6      | Noticed a bullfrog
  2653 | D:5      | Entered Level 5 of the Dungeon
  2737 | D:5      | Noticed a water moccasin
  2740 | D:5      | Killed a water moccasin
  2741 | D:5      | Reached skill level 3 in Spellcasting
  2741 | D:5      | Reached XP level 5. HP: 14/21 MP: 2/11
  3003 | D:4      | Noticed Sigmund
  3007 | D:4      | Killed Sigmund
  3008 | D:4      | Reached skill level 4 in Spellcasting
  3008 | D:4      | Gained mutation: You are covered in thick fur. (AC +2)
                  | [Felid growth]
  3008 | D:4      | Reached XP level 6. HP: 24/24 MP: 1/13
  3549 | D:4      | Noticed an ice beast
  3556 | D:4      | Killed an ice beast
  3557 | D:4      | Reached XP level 7. HP: 27/27 MP: 6/14
  4042 | D:3      | Killed Grinder
  4043 | D:3      | Reached skill level 5 in Earth Magic
  4855 | D:5      | Identified the ring of Spite {rCorr SInv}
  5519 | D:5      | Found a staircase to the Ecumenical Temple.
  5562 | Temple   | Entered the Ecumenical Temple
  5950 | Temple   | Became a worshipper of Vehumet
  6144 | D:5      | Reached skill level 5 in Conjurations
  6144 | D:5      | Reached XP level 8. HP: 31/31 MP: 8/15
  6878 | D:6      | Reached skill level 5 in Spellcasting
  7305 | D:6      | Reached skill level 6 in Spellcasting
  7384 | D:6      | Identified the +2 leather armour "Beol" {rElec}
  7888 | D:7      | Found a runed translucent door.
  7888 | D:7      | Noticed DemonSlayer's ghost (novice DsFE)
  7902 | D:7      | Reached * piety under Vehumet
  7902 | D:7      | Offered knowledge of Freeze by Vehumet.
  7903 | D:7      | Reached skill level 7 in Spellcasting
  8368 | D:8      | Found Nuaw's General Store.
  8377 | D:8      | Reached XP level 9. HP: 34/34 MP: 10/21
  8480 | D:8      | Noticed a troll
  8495 | D:8      | Killed a troll
  8496 | D:8      | Reached skill level 8 in Spellcasting
  8574 | D:8      | Found a sand-covered staircase.
  8703 | D:8      | Reached skill level 9 in Spellcasting
  8792 | Ossuary  | Entered an ossuary
  8917 | Ossuary  | Reached skill level 10 in Spellcasting
 10124 | D:8      | Reached ** piety under Vehumet
 10124 | D:8      | Offered knowledge of Static Discharge by Vehumet.
 10125 | D:8      | Reached XP level 10. HP: 37/37 MP: 19/25
 11008 | D:9      | Reached skill level 5 in Transmutations
 11866 | D:10     | Entered Level 10 of the Dungeon
 11898 | D:10     | Noticed a green ugly thing
 11932 | D:10     | Killed a green ugly thing
 12077 | D:10     | Noticed a fire dragon
 12105 | D:10     | Offered knowledge of Poisonous Vapours by Vehumet.
 12370 | D:10     | Noticed a two-headed ogre
 12393 | D:10     | Learned a level 5 spell: Blade Hands
 12653 | D:10     | Noticed a stone giant
 12663 | D:10     | Killed from afar by a fire dragon
 12664 | D:10     | Reached XP level 9. HP: -4/34 MP: 11/24
 12699 | D:10     | Reached skill level 1 in Fighting
 12699 | D:10     | Reached skill level 1 in Unarmed Combat
 12837 | D:10     | Demolished by a two-headed ogre
 12838 | D:10     | Reached XP level 8. HP: -16/32 MP: 13/23
 12886 | D:10     | Killed a two-headed ogre
 12887 | D:10     | Reached XP level 9. HP: 36/36 MP: 20/24
 12959 | D:10     | Got the Disquisition on Dusty Envenoming
 13157 | D:10     | Reached skill level 5 in Dodging
 13365 | D:10     | Killed from afar by a fire dragon

Illustrated notes

Levels and vault maps discovered:
D:1:      grunt_arrival_lava_bath, layout_basic, ebering_ecumenical_altar_rust,
          feat_on_display
D:2:      layout_loops_cross, serial_glass, glass_columns_a, glass_columns_b,
          item_on_display_a, due_unseen_surprise, minmay_strange_pillars,
          feat_on_display
D:3:      layout_rooms, kennysheep_big_empty_room, uniq_robin, uniq_grinder
D:4:      layout_cave_pods, uniq_sigmund
D:5:      layout_basic, minmay_temple_entry_nine_rooms, grunt_ministairs_6
D:6:      layout_loops_ring, serial_shops, shop
D:7:      layout_basic, hellmonk_ghost_happy_afterlife, kennysheep_doodads,
          st_stairs_5, amcnicky_mini_pool_small
D:8:      layout_basic, nicolae_ossuary_entry_monument, serial_shops,
          nicolae_stop_n_shop_1
D:9:      layout_loops_cross
D:10:     minmay_the_grid_four_pointed_star
          [minmay_the_grid_triangle_9x9_zippers_horizontal,
          minmay_the_grid_triangle_9x9_impossible_snake,
          minmay_the_grid_triangle_9x9_skeleton,
          minmay_the_grid_triangle_9x9_descending_squares,
          minmay_the_grid_prize_diamond_cup], layout_layer_cave,
          mainiacjoe_overflow_small_starburst, kennysheep_generic_room_12
Temple:   mainiacjoe_temple_trianglar_array

Skill      XL: |  1  2  3  4  5  6  7  8  9 10 |
---------------+-------------------------------+-----
Stealth        | 3 |  3.0
Earth Magic    | 3 4 6 |  6.3
Conjurations   | 1 2 3 5 |  5.0
Spellcasting   | 3 4 7 10 | 10.8
Transmutations | 2 8 |  8.2
Dodging        | 4 5 |  5.2
Fighting       | 2 1 |  2.2
Unarmed Combat | 2 1 |  2.2

Action                   |  1- 3 |  4- 6 |  7- 9 | 10-12 || total
-------------------------+-------+-------+-------+-------++-------
Melee: Unarmed           |    65 |    25 |    66 |     5 ||   161
       Bite              |     6 |     1 |    14 |       ||    21
       Punch             |       |     1 |     1 |       ||     2
 Cast: Sandblast         |    55 |    23 |    61 |    19 ||   158
       Stone Arrow       |       |    11 |   132 |    80 ||   223
Evoke: Wand              |     1 |       |     1 |     1 ||     3
  Use: Scroll            |       |       |     9 |     4 ||    13
       Potion            |       |       |       |     3 ||     3
 Stab: Sleeping          |     4 |       |       |       ||     4
Armor: Skin              |     7 |     5 |     5 |     5 ||    22
Dodge: Dodged            |    83 |    27 |    79 |    34 ||   223
